[Event "Team 45 45 League T48"]
[Site "Internet Chess Club"]
[Date "2011.02.18"]
[Round "2"]
[White "CamLeslie"]
[Black "frank001"]
[Result "1-0"]
[WhiteElo "1917"]
[BlackElo "1633"]
[Opening "Sicilian: closed"]
[ECO "B23"]
[Time "04:04:22"]
[TimeControl "2700+45"]

1. e4 c5 2. Nc3 d6 3. f4 a6 4. Nf3 b5 5. g3 Bb7 6. d3 e6 7. Bg2 Nc6 8. O-O Nf6
9. e5 dxe5 10. fxe5 Nd5 11. Ne4 Qc7 12. Qe2 h6 13. c4 Nb6 14. Bf4 O-O-O 15. Nd6+
Bxd6 16. exd6 Qd7 17. Qe3 g5 18. Be5 Rh7 19. Rae1 bxc4 20. Qxc5 Na8 21. Nd4
{Black resigns} 1-0

[Event "Team 45 45 League T48"]
[Site "Internet Chess Club"]
[Date "2011.02.19"]
[Round "2"]
[White "primerpaso"]
[Black "vvsi"]
[Result "1/2-1/2"]
[WhiteElo "1767"]
[BlackElo "1649"]
[Opening "English, Kramnik-Shirov counterattack"]
[ECO "A21"]
[Time "20:46:06"]
[TimeControl "2700+45"]

1. c4 e5 2. Nc3 Bb4 3. g3 Bxc3 4. bxc3 Nc6 5. Bg2 d6 6. e4 f5 7. Ne2 Nf6 8. f3
O-O 9. O-O fxe4 10. fxe4 Bg4 11. h3 Bh5 12. g4 Bg6 13. Ng3 Nd7 14. Nf5 Bf7 15.
d3 Be6 16. Be3 b6 17. Qe2 g6 18. Nh6+ Kg7 19. g5 Qe7 20. Kh2 Rxf1 21. Rxf1 Rf8
22. Bf3 Nd8 23. Bg4 Rxf1 24. Qxf1 Nf7 25. h4 Nxh6 26. gxh6+ Kg8 27. Bg5 Qf7 28.
Qxf7+ Kxf7 29. Be2 Nc5 30. Kg3 Na4 31. Bd2 Nc5 32. h5 a5 33. Kh4 Bd7 34. Be3 Ba4
35. hxg6+ hxg6 36. Bxc5 bxc5 37. Kg5 Bc2 38. Bf1 {Game drawn by mutual
agreement} 1/2-1/2

[Event "Team 45 45 League T48"]
[Site "Internet Chess Club"]
[Date "2011.02.20"]
[Round "2"]
[White "chrisgianno"]
[Black "IceBox"]
[Result "0-1"]
[WhiteElo "1592"]
[BlackElo "1749"]
[Opening "Grünfeld: exchange, classical variation"]
[ECO "D86"]
[Time "10:02:40"]
[TimeControl "2700+45"]

1. d4 Nf6 2. c4 g6 3. Nc3 d5 4. cxd5 Nxd5 5. e4 Nxc3 6. bxc3 Bg7 7. Bc4 c5 8.
Qb3 O-O 9. Bb2 Nc6 10. Bd5 cxd4 11. Rd1 Qa5 12. Ne2 dxc3 13. Nxc3 e6 14. Bxc6
bxc6 15. O-O Ba6 16. Rfe1 Rab8 17. Qc2 Rxb2 18. Qxb2 Bxc3 19. Qc1 Bxe1 20. Rxe1
c5 21. h4 c4 22. e5 Rd8 23. h5 Qd2 24. Qa1 c3 25. h6 Qb2 26. Qd1 Rxd1 27. Rxd1
Qd2 28. Rb1 Qd8 29. f4 c2 {White resigns} 0-1

[Event "Team 45 45 League T48"]
[Site "Internet Chess Club"]
[Date "2011.02.20"]
[Round "2"]
[White "johnnyperez"]
[Black "L0-VE"]
[Result "0-1"]
[WhiteElo "1622"]
[BlackElo "1575"]
[Opening "Caro-Kann: classical variation"]
[ECO "B18"]
[Time "13:03:18"]
[TimeControl "2700+45"]

1. e4 c6 2. d4 d5 3. Nc3 dxe4 4. Nxe4 Bf5 5. Ng3 Bg6 6. Nf3 Nd7 7. Bc4 e6 8. O-O
h6 9. a3 Ngf6 10. b4 Nb6 11. Ba2 Bd6 12. c4 O-O 13. c5 Bxg3 14. fxg3 Nbd5 15.
Bb2 Ne3 16. Qe2 Nxf1 17. Rxf1 Nd5 18. Qe5 a5 19. b5 cxb5 20. Nh4 Bh7 21. Rc1 b4
22. c6 bxa3 23. Bxa3 bxc6 24. Rxc6 Nb4 25. Rd6 Qb8 26. Bc4 Rc8 27. Be2 Nc2 28.
Bc1 Qb1 {White resigns} 0-1

[Event "Team 45 45 League T48"]
[Site "Internet Chess Club"]
[Date "2011.02.19"]
[Round "2"]
[White "hewdondada"]
[Black "DreamCatcher13"]
[Result "0-1"]
[WhiteElo "1832"]
[BlackElo "1936"]
[Opening "QGD: Charousek (Petrosian) variation"]
[ECO "D31"]
[Time "18:10:29"]
[TimeControl "2700+45"]

1. d4 d5 2. c4 e6 3. Nc3 Be7 4. Nf3 Nf6 5. cxd5 exd5 6. Bg5 h6 7. Bh4 c6 8. Qc2
O-O 9. e3 Re8 10. Bd3 Ne4 11. Bxe7 Qxe7 12. O-O Nd7 13. Rab1 Ng5 14. Nxg5 Qxg5
15. Bf5 Nf6 16. Bxc8 Raxc8 17. b4 Re6 18. Na4 Re4 19. Nc5 Rh4 20. Qe2 Rxh2 21.
Kxh2 Qh4+ 22. Kg1 Ng4 23. Qxg4 Qxg4 24. Nxb7 Re8 25. Nc5 Rd8 26. Rb2 Rd6 27. Nd3
Rg6 28. Nf4 Rg5 29. Rc2 h5 30. Rxc6 h4 31. Rfc1 h3 32. g3 Qf3 33. R1c2 Rh5 34.
Kh2 g5 {White resigns} 0-1

[Event "Team 45 45 League T48"]
[Site "Internet Chess Club"]
[Date "2011.02.21"]
[Round "2"]
[White "bshribharath"]
[Black "Fatman"]
[Result "1-0"]
[WhiteElo "1732"]
[BlackElo "1770"]
[Opening "Torre attack (Tartakower variation)"]
[ECO "D03"]
[Time "07:00:09"]
[TimeControl "2700+45"]

1. d4 d5 2. Nf3 Nf6 3. Bg5 Nbd7 4. e3 e6 5. Nbd2 Be7 6. Bd3 O-O 7. h4 Re8 8. Ne5
Nxe5 9. dxe5 Nd7 10. f4 Nf8 11. Qg4 f6 12. Bh6 g6 13. Bxf8 Bxf8 14. Bxg6 hxg6
15. Qxg6+ Bg7 16. exf6 Qxf6 17. Qxe8+ Kh7 18. Qh5+ Kg8 19. c3 Bd7 20. Nf3 Be8
21. Qg4 Bg6 22. h5 Bf5 23. Qg3 Kf7 24. Ne5+ Ke7 25. O-O-O Re8 26. Rhe1 c6 27. e4
Bxe4 28. Rxe4 dxe4 29. Rd7+ Kf8 30. Rf7+ Qxf7 31. Nxf7 Kxf7 32. Qg6+ Kf8 33. h6
Bh8 34. f5 exf5 35. Qxf5+ Kg8 36. Qd7 Kf8 37. Qh7 Bf6 38. Qf5 Kf7 39. g4 Re5 40.
Qh7+ Ke6 41. Qg8+ Kd6 42. h7 e3 43. h8=Q Bxh8 44. Qxh8 e2 45. Qb8+ Kd5 46. Qd8+
Ke6 47. Qe8+ Kd6 48. Qxe5+ Kxe5 49. Kd2 Kf4 50. Kxe2 Kxg4 51. Kd3 Kf5 52. Kd4
Ke6 53. a4 b6 54. b4 Kd6 55. b5 c5+ 56. Ke4 Ke6 57. c4 Kd6 58. Kf5 Kd7 59. Ke5
Ke7 60. Kd5 Kd7 61. a5 bxa5 62. Kxc5 Kc7 63. Kd4 Kd6 64. c5+ Kc7 65. Kc4 Kb8 66.
Kb3 Kc8 67. Ka4 Kc7 68. Kxa5 Kb7 69. c6+ Kb8 70. Ka6 Ka8 71. b6 Kb8 72. c7+ Kc8
73. Kxa7 {Black resigns} 1-0

[Event "Team 45 45 League T48"]
[Site "Internet Chess Club"]
[Date "2011.02.19"]
[Round "2"]
[White "RamRock"]
[Black "Ivio"]
[Result "1-0"]
[WhiteElo "1908"]
[BlackElo "1810"]
[Opening "QGD semi-Slav: Chigorin defense"]
[ECO "D45"]
[Time "10:00:57"]
[TimeControl "2700+45"]

1. d4 d5 2. Nf3 Nf6 3. c4 c6 4. Nc3 e6 5. e3 Bd6 6. Bd3 Nbd7 7. O-O O-O 8. Re1
e5 9. dxe5 Nxe5 10. Nxe5 Bxe5 11. cxd5 Nxd5 12. Bxh7+ Kxh7 13. Qh5+ Kg8 14. Qxe5
Re8 15. Qd4 Be6 16. Nxd5 Bxd5 17. f3 Qg5 18. e4 Qh4 19. Bd2 Be6 20. Bc3 Qh6 21.
a3 b6 22. Rad1 Bb3 23. Rd2 Bd5 24. Qf2 Be6 25. Rd6 c5 26. Red1 Qg5 27. f4 Qg4
28. R1d3 Qh5 29. Rg3 g6 30. f5 Rad8 31. fxe6 fxe6 32. Qf6 Qd1+ 33. Rxd1 Rxd1+
34. Kf2 Rf8 35. Rxg6+ {Black resigns} 1-0

[Event "Team 45 45 League T48"]
[Site "Internet Chess Club"]
[Date "2011.02.21"]
[Round "2"]
[White "hcube"]
[Black "otherook"]
[Result "1/2-1/2"]
[WhiteElo "1629"]
[BlackElo "1807"]
[Opening "Scandinavian (center counter) defense"]
[ECO "B01"]
[Time "14:00:11"]
[TimeControl "2700+45"]

1. e4 d5 2. exd5 Qxd5 3. Nc3 Qa5 4. d4 c6 5. Nf3 Nf6 6. Bc4 Bf5 7. O-O e6 8. Bf4
Bb4 9. Ne2 O-O 10. c3 Be7 11. Re1 Nbd7 12. Ng3 Bg6 13. Qb3 Qb6 14. Qxb6 Nxb6 15.
Bb3 Nbd5 16. Be5 Nd7 17. c4 Nxe5 18. Nxe5 Nf6 19. a3 Bd6 20. Nxg6 hxg6 21. Ne4
Nxe4 22. Rxe4 Rfd8 23. Rd1 {Game drawn by mutual agreement} 1/2-1/2

[Event "Team 45 45 League T48"]
[Site "Internet Chess Club"]
[Date "2011.02.22"]
[Round "2"]
[White "PandorasBox"]
[Black "avila"]
[Result "1-0"]
[WhiteElo "1968"]
[BlackElo "1855"]
[Opening "English opening"]
[ECO "A20"]
[Time "17:06:13"]
[TimeControl "2700+45"]

1. c4 e5 2. g3 Nf6 3. Bg2 Nc6 4. Nc3 Bc5 5. e4 O-O 6. Nge2 d6 7. O-O Be6 8. d3
a6 9. a3 a5 10. Bg5 h6 11. Bxf6 Qxf6 12. Nd5 Bxd5 13. cxd5 Nd4 14. Nxd4 Bxd4 15.
Rb1 Qe7 16. b4 axb4 17. axb4 Ra3 18. Kh1 Rfa8 19. f4 R8a4 20. Bh3 Qe8 21. fxe5
dxe5 22. Qh5 g6 23. Qxh6 Rxd3 24. Rxf7 Qxf7 25. Be6 Qxe6 26. dxe6 Ra8 27. Qxg6+
Kh8 28. e7 Re3 29. e8=Q+ Rxe8 30. Qxe8+ Kg7 31. Rf1 b6 32. Qf7+ Kh8 33. Qh5+ Kg7
34. Rf7+ {Black resigns} 1-0

[Event "Team 45 45 League T48"]
[Site "Internet Chess Club"]
[Date "2011.02.22"]
[Round "2"]
[White "vkpanch"]
[Black "byebyebadman"]
[Result "0-1"]
[WhiteElo "1646"]
[BlackElo "1849"]
[Opening "French: advance, Euwe variation"]
[ECO "C02"]
[Time "16:14:26"]
[TimeControl "2700+45"]

1. e4 e6 2. d4 d5 3. e5 c5 4. c3 Nc6 5. Nf3 Bd7 6. a3 f6 7. exf6 Nxf6 8. Bd3 Bd6
9. O-O O-O 10. Re1 Qc7 11. b4 cxd4 12. b5 Ne5 13. Rxe5 Bxe5 14. cxd4 Bd6 15. Bb2
Ng4 16. h3 Bh2+ 17. Kf1 Nxf2 18. Kxf2 Qg3+ 19. Kf1 e5 20. Nd2 Bxh3 21. Qe2 e4
22. Qf2 exf3 23. Qxg3 fxg2+ 24. Ke2 Bxg3 25. Rg1 Rf2+ 26. Kd1 Bh2 27. Rxg2 Rxg2
28. Bc3 Bf4 29. Nf3 Bg4 30. Be2 Rc8 31. Bb2 Rxe2 32. Kxe2 Rc2+ 33. Kd3 Rxb2 34.
Ne5 Bxe5 35. dxe5 Rb3+ 36. Kd4 Rxb5 37. a4 Ra5 38. e6 Bxe6 39. Ke5 d4+ 40. Kxd4
Kf7 {White resigns} 0-1

[Event "Team 45 45 League T48"]
[Site "Internet Chess Club"]
[Date "2011.02.19"]
[Round "2"]
[White "GeorgeCostanza"]
[Black "soccerisfun"]
[Result "1-0"]
[WhiteElo "1779"]
[BlackElo "1803"]
[Opening "King's Indian: fianchetto, classical variation, 8.e4"]
[ECO "E68"]
[Time "16:03:51"]
[TimeControl "2700+45"]

1. d4 Nf6 2. c4 g6 3. g3 Bg7 4. Bg2 d6 5. Nc3 O-O 6. Nf3 Nbd7 7. O-O e5 8. e4 a5
9. Qc2 Ne8 10. Bg5 f6 11. Be3 h6 12. Nh4 Kh7 13. Bh3 exd4 14. Bxd4 Ne5 15. Bxc8
Qxc8 16. f4 Nc6 17. Be3 Qe6 18. Nd5 Ne7 19. f5 gxf5 20. exf5 Qf7 21. Nxe7 Qxe7
22. Rae1 Qd7 23. Ng6 Rf7 24. Rf4 c6 25. Rh4 Nc7 26. Bxh6 Re8 27. Ree4 Qxf5 28.
Bxg7+ Kxg7 29. Ne7 Qc5+ 30. Kg2 Rfxe7 31. Rxe7+ Rxe7 32. Qh7+ Kf8 33. Qh8+ Kf7
34. Rh7+ Ke6 35. Qc8+ Rd7 36. Qxd7+ {Black resigns} 1-0

[Event "Team 45 45 League T48"]
[Site "Internet Chess Club"]
[Date "2011.02.18"]
[Round "2"]
[White "chessrabbit"]
[Black "rahulr"]
[Result "0-1"]
[WhiteElo "1587"]
[BlackElo "1553"]
[Opening "Alekhine's defense: Scandinavian variation"]
[ECO "B02"]
[Time "20:00:17"]
[TimeControl "2700+45"]

1. e4 Nf6 2. Nc3 d5 3. e5 Nfd7 4. d4 e6 5. Nf3 c5 6. Be3 Nc6 7. Bb5 cxd4 8. Bxd4
Nxd4 9. Qxd4 a6 10. Bd3 Nc5 11. O-O Nxd3 12. cxd3 Bd7 13. Nd2 Be7 14. Qg4 O-O
15. f4 f5 16. Qh3 Qb6+ 17. d4 Qxd4+ 18. Kh1 Qxd2 19. Rad1 Qxb2 20. Rb1 Qa3 21.
Rxb7 Rac8 22. Nxd5 exd5 23. Qxa3 Bxa3 24. Rxd7 Rfd8 25. Rb7 Rc2 26. Rb3 Rxa2 27.
Rd3 Kf7 28. Rb1 Be7 29. Rbd1 a5 30. h3 Ke6 31. Kh2 Bc5 32. Rc3 Be7 33. Rc6+ Kf7
34. Rc7 d4 35. e6+ Kf6 36. h4 d3 37. Rcc1 Kxe6 38. Re1+ Re2 39. Kg3 Bb4 40. Red1
d2 41. Rb1 Re1 42. Kf2 Bc5+ 43. Kg3 Rd3+ 44. Kh2 Bg1+ 45. Kh1 Bf2+ 46. Kh2 Bg3+
47. Kh3 Bxf4+ 48. g3 Rxg3+ 49. Kh2 Rg4+ 50. Kh3 Re3# {White checkmated} 0-1

[Event "Team 45 45 League T48"]
[Site "Internet Chess Club"]
[Date "2011.02.18"]
[Round "2"]
[White "theophilus"]
[Black "Zumbi"]
[Result "1-0"]
[WhiteElo "2222"]
[BlackElo "2099"]
[Opening "Dutch defense"]
[ECO "A90"]
[Time "08:29:04"]
[TimeControl "2700+45"]

1. d4 f5 2. g3 Nf6 3. Bg2 e6 4. c4 c6 5. Nf3 d5 6. O-O Bd6 7. Nc3 O-O 8. Qc2 Ne4
9. Rb1 Nd7 10. b4 Ndf6 11. c5 Bc7 12. Bf4 Nxc3 13. Qxc3 Ne4 14. Qc2 Bd7 15. Bxc7
Qxc7 16. e3 Be8 17. Ne5 Nf6 18. a4 a6 19. Rfe1 Nd7 20. Nxd7 Bxd7 21. Qc3 g5 22.
f4 Qd8 23. Bf1 h5 24. Re2 Qf6 25. Rg2 Kf7 26. b5 axb5 27. axb5 h4 28. bxc6 bxc6
29. Rb7 Ke7 30. Qb2 Rac8 31. Ba6 hxg3 32. Rxd7+ Kxd7 33. Bxc8+ Rxc8 34. hxg3 Rc7
35. Qb8 gxf4 36. gxf4 Qe7 37. Rg8 e5 38. fxe5 Qf7 39. Qd8+ {Black resigns} 1-0

[Event "Team 45 45 League T48"]
[Site "Internet Chess Club"]
[Date "2011.02.21"]
[Round "2"]
[White "cityprosecutor"]
[Black "gaibo4ever"]
[Result "0-1"]
[WhiteElo "1711"]
[BlackElo "2055"]
[Opening "Sicilian defense"]
[ECO "B20"]
[Time "15:17:56"]
[TimeControl "2700+45"]

1. e4 c5 2. d3 Nc6 3. g3 g6 4. Bg2 Bg7 5. Nf3 e6 6. Nbd2 Nge7 7. h4 d5 8. Qe2
O-O 9. O-O f5 10. Re1 b6 11. c3 f4 12. Nf1 e5 13. N1h2 d4 14. c4 Bd7 15. Bd2 Bh6
16. Red1 a6 17. Qf1 b5 18. b3 bxc4 19. bxc4 Qc7 20. Bh3 Rab8 21. Ng4 Bg7 22.
Rab1 Rxb1 23. Rxb1 Qc8 24. Nfh2 h5 {White resigns} 0-1

[Event "Team 45 45 League T48"]
[Site "Internet Chess Club"]
[Date "2011.02.20"]
[Round "2"]
[White "Eyechess"]
[Black "subterfuge"]
[Result "1-0"]
[WhiteElo "1901"]
[BlackElo "1788"]
[Opening "QGD: Albin counter-gambit, 5.g3"]
[ECO "D09"]
[Time "19:00:08"]
[TimeControl "2700+45"]

1. d4 d5 2. c4 e5 3. dxe5 d4 4. Nf3 Nc6 5. g3 Nge7 6. Bg2 Ng6 7. O-O Ngxe5 8.
Qa4 f6 9. Nxe5 fxe5 10. Bxc6+ bxc6 11. Qxc6+ Bd7 12. Qd5 Be7 13. Qxe5 O-O 14.
Qxd4 Qc8 15. Nc3 Bf6 16. Qd3 Bf5 17. Qd5+ Be6 18. Qd3 Bf5 19. e4 Bh3 20. Re1 Qa6
21. Nd5 Be5 22. f4 Bd6 23. Be3 c6 24. e5 Bxe5 25. Ne7+ Kh8 26. fxe5 Rf7 27. Bc5
Qb7 28. Qe4 Rd8 29. Qh4 Qd7 30. e6 Bxe6 31. Rxe6 Qd2 32. Ree1 Rb8 33. b3 h6 34.
Ng6+ Kg8 35. Qd4 Qc2 36. Nf4 Qf5 37. Qe5 Qg4 38. Qxb8+ {Black resigns} 1-0

[Event "Team 45 45 League T48"]
[Site "Internet Chess Club"]
[Date "2011.02.18"]
[Round "2"]
[White "aww-rats"]
[Black "chess9793"]
[Result "1/2-1/2"]
[WhiteElo "2049"]
[BlackElo "2113"]
[Opening "Sicilian: accelerated fianchetto, Breyer variation"]
[ECO "B39"]
[Time "22:00:52"]
[TimeControl "2700+45"]

1. e4 c5 2. Nf3 Nc6 3. d4 cxd4 4. Nxd4 g6 5. c4 Bg7 6. Be3 Nf6 7. Nc3 Ng4 8.
Qxg4 Nxd4 9. Qd1 Ne6 10. Rc1 Qa5 11. Be2 b6 12. O-O Bb7 13. f3 g5 14. Qd2 Be5
15. Rfd1 d6 16. b3 Bf4 17. Bf1 Qe5 18. g3 Bxe3+ 19. Qxe3 h5 20. Nd5 h4 21. Qc3
Qxc3 22. Rxc3 hxg3 23. hxg3 Kd7 24. e5 Rad8 25. exd6 exd6 26. Nf6+ Ke7 27. Ng4
d5 28. cxd5 Rxd5 29. Rxd5 Bxd5 30. Ne3 Rd8 31. Rd3 Bc6 32. Rxd8 Kxd8 33. Kf2
{Game drawn by mutual agreement} 1/2-1/2

[Event "Team 45 45 League T48"]
[Site "Internet Chess Club"]
[Date "2011.02.19"]
[Round "2"]
[White "leland"]
[Black "SaltofLife"]
[Result "1/2-1/2"]
[WhiteElo "1830"]
[BlackElo "1852"]
[Opening "Sicilian: Najdorf, Opocensky variation"]
[ECO "B92"]
[Time "14:30:10"]
[TimeControl "2700+45"]

1. e4 c5 2. Nf3 d6 3. d4 cxd4 4. Nxd4 Nf6 5. Nc3 a6 6. Be2 e5 7. Nb3 Be7 8. O-O
O-O 9. Be3 Be6 10. f4 exf4 11. Bxf4 Nc6 12. Kh1 b5 13. Bf3 Ne5 14. Nd4 Nfd7 15.
Nd5 Rc8 16. c3 Bxd5 17. exd5 Qb6 18. Qe2 b4 19. Rac1 bxc3 20. bxc3 Rfe8 21. Rfd1
Bf6 22. Qd2 Nc4 23. Qf2 Nde5 24. Be2 Ng6 25. Bxc4 Rxc4 26. Be3 Qc7 27. Qd2 Re4
28. Nc6 Ne5 29. Nd4 Ng4 30. Bg1 Qe7 31. h3 Bxd4 32. Bxd4 Rc8 33. Re1 Nf6 34.
Rxe4 Nxe4 35. Qf4 Re8 36. Rf1 f6 37. Kh2 Ng5 38. Rf2 Nf7 39. Rf3 Qe1 40. Re3
Rxe3 41. Qxe3 Qxe3 42. Bxe3 Ne5 43. Kg3 Kf8 44. Kf4 Ke7 45. g4 g6 46. Ke4 Nf7
47. Kd4 Kd7 48. Bf4 Kc7 49. Kc4 Ne5+ 50. Kb3 Kb6 51. c4 Kc7 52. Kc3 Kb6 53. Be3+
Kc7 54. Kd4 Nd7 55. Ke4 Kc8 56. Bd4 Kc7 57. Be3 Kb7 58. Bd4 Kc7 {Game drawn by
mutual agreement} 1/2-1/2

[Event "Team 45 45 League T48"]
[Site "Internet Chess Club"]
[Date "2011.02.18"]
[Round "2"]
[White "ice-cream"]
[Black "Twan709"]
[Result "0-1"]
[WhiteElo "1814"]
[BlackElo "1906"]
[Opening "Sicilian: Nimzovich-Rossolimo attack (with ...g6, without ...d6)"]
[ECO "B31"]
[Time "23:01:01"]
[TimeControl "2700+45"]

1. e4 c5 2. Nf3 Nc6 3. Bb5 g6 4. O-O Bg7 5. c3 Nf6 6. Re1 O-O 7. d4 d5 8. e5 Ne4
9. Bd3 Bf5 10. Qc2 Rc8 11. Qe2 cxd4 12. cxd4 Nb4 13. Nc3 Nxc3 14. bxc3 Nxd3 15.
Rd1 Rxc3 16. Bd2 Rc2 17. Nh4 Nb4 18. Nxf5 gxf5 19. Qb5 Nc6 20. Qd3 Rc4 21. Be3
f4 22. Bxf4 Nxd4 23. Qg3 Ne2+ 24. Kh1 Nxg3+ 25. Bxg3 e6 26. Rab1 Qd7 27. f3 f6
28. exf6 Bxf6 29. Bf2 a6 30. Bg1 Rc2 31. a3 Qg7 32. g3 Be5 33. f4 Bxf4 34. Bd4
Rxh2+ 35. Kg1 Qxg3+ 36. Kf1 Be3+ 37. Bf6 Rxf6# {White checkmated} 0-1

[Event "Team 45 45 League T48"]
[Site "Internet Chess Club"]
[Date "2011.02.18"]
[Round "2"]
[White "sandham"]
[Black "chess9793"]
[Result "0-1"]
[WhiteElo "2113"]
[BlackElo "2116"]
[Opening "Grünfeld: Russian, Byrne (Simagin) variation"]
[ECO "D97"]
[Time "18:00:32"]
[TimeControl "2700+45"]

1. d4 Nf6 2. Nf3 g6 3. c4 Bg7 4. Nc3 d5 5. Qb3 dxc4 6. Qxc4 Nc6 7. e4 O-O 8. Be2
Nd7 9. Be3 Nb6 10. Qd3 f5 11. Qd2 fxe4 12. Nxe4 Bg4 13. Rd1 Bxf3 14. gxf3 e5 15.
d5 Nd4 16. Ng5 Qxd5 17. Rg1 Rad8 18. b3 h6 19. Ne4 Qf7 20. Qb2 Nxf3+ 21. Bxf3
Qxf3 22. Rxd8 Rxd8 23. Qc2 Nd5 24. Qd3 Kh7 25. Nc5 Nf4 26. Qc2 Ng2+ {White
resigns} 0-1

[Event "Team 45 45 League T48"]
[Site "Internet Chess Club"]
[Date "2011.02.19"]
[Round "2"]
[White "Merciful"]
[Black "grabuark"]
[Result "1-0"]
[WhiteElo "2062"]
[BlackElo "2069"]
[Opening "French: Two knights variation"]
[ECO "C00"]
[Time "19:00:56"]
[TimeControl "2700+45"]

1. e4 e6 2. Nf3 d5 3. Nc3 Nf6 4. e5 Nfd7 5. d4 c5 6. dxc5 Nc6 7. Bf4 Bxc5 8. Bd3
a6 9. O-O h6 10. Bg3 b5 11. Re1 O-O 12. Ne2 Nb4 13. Nf4 Nxd3 14. Nxd3 Be7 15.
Nd4 Qb6 16. c3 a5 17. Qh5 Nc5 18. Nxc5 Bxc5 19. Rad1 b4 20. Re3 bxc3 21. bxc3
Rb8 22. Bf4 Qb1 23. Rg3 Kh7 24. Rd3 Qb6 25. Bxh6 g6 26. Qh4 Rh8 27. Qf6 {Black
resigns} 1-0

[Event "Team 45 45 League T48"]
[Site "Internet Chess Club"]
[Date "2011.02.21"]
[Round "2"]
[White "Tobiasdelmonte"]
[Black "cityprosecutor"]
[Result "1-0"]
[WhiteElo "1738"]
[BlackElo "1696"]
[Opening "Grünfeld with Bf4 & e3"]
[ECO "D93"]
[Time "21:30:11"]
[TimeControl "2700+45"]

1. d4 Nf6 2. c4 g6 3. Nc3 d5 4. Bf4 Bg7 5. Nf3 O-O 6. e3 c5 7. cxd5 Nxd5 8. Be5
Nxc3 9. bxc3 Qa5 10. Qb3 Nc6 11. Bxg7 Kxg7 12. d5 Nd8 13. Bd3 f6 14. O-O Nf7 15.
e4 b6 16. Rfe1 Bg4 17. Nd2 Ne5 18. Bf1 Bd7 19. f4 c4 20. Nxc4 Nxc4 21. Qxc4 Rac8
22. Qb4 Rxc3 23. Qxe7+ Rf7 24. Qd6 Rc2 25. e5 fxe5 26. Qxe5+ Kg8 27. d6 Qd2 28.
Re2 Qc3 29. Qxc3 Rxc3 30. Re4 Rf6 31. Rd4 Rc2 32. Bc4+ Kf8 33. Bb3 Re2 34. Rc1
Ke8 35. Rc7 a5 36. Bc4 Rb2 37. g3 Kd8 38. Bg8 Rxd6 39. Rxd6 Kxc7 40. Rf6 h5 41.
Rxg6 Bh3 42. Bd5 Rd2 43. Rg5 Bg4 44. Bb3 Bf3 45. f5 a4 46. Bxa4 Rxa2 47. Be8 h4
48. gxh4 Ra8 49. Bb5 Rh8 50. f6 Rxh4 51. Rf5 Rh5 52. Rxf3 Rh8 53. f7 Rf8 54. Be8
Kd6 55. Rc3 Ke7 56. Rb3 Kf6 57. Rxb6+ Kg7 58. Kg2 Kh7 59. Kg3 Kg7 60. Kg4 Kh7
61. Kg5 Kg7 62. Rg6+ Kh7 63. Kf6 Rh8 64. Rg7+ Kh6 65. Rg8 Rxg8 66. fxg8=R Kh7
67. Bf7 {Black resigns} 1-0

[Event "Team 45 45 League T48"]
[Site "Internet Chess Club"]
[Date "2011.02.19"]
[Round "2"]
[White "AugustoCaruso"]
[Black "thestalemater"]
[Result "0-1"]
[WhiteElo "2201"]
[BlackElo "2313"]
[Opening "Richter-Veresov attack"]
[ECO "D01"]
[Time "09:02:42"]
[TimeControl "2700+45"]

1. d4 Nf6 2. Nc3 d5 3. Bg5 Nc6 4. f3 h6 5. Bh4 g5 6. Bf2 Bg7 7. e4 dxe4 8. Bb5
O-O 9. h4 exf3 10. hxg5 fxg2 11. Rh2 Ng4 12. Rxg2 Nxf2 13. Qh5 Bg4 14. Qh4 Bxd4
15. gxh6 Kh7 16. Nge2 Be3 17. Rxf2 Ne5 18. Rd1 Bxf2+ 19. Kxf2 Qc8 20. Rd4 Qe6
21. Ne4 Qf5+ 22. Ke3 f6 23. Nf4 Nf3 24. Qg3 Nxd4 25. Bd3 Kxh6 {White resigns}
0-1

[Event "Team 45 45 League T48"]
[Site "Internet Chess Club"]
[Date "2011.02.21"]
[Round "2"]
[White "zeigmata"]
[Black "NFork"]
[Result "1/2-1/2"]
[WhiteElo "2306"]
[BlackElo "2362"]
[Opening "Old Indian: Janowski variation"]
[ECO "A53"]
[Time "15:21:16"]
[TimeControl "2700+45"]

1. d4 Nf6 2. c4 d6 3. Nc3 Bf5 4. f3 e5 5. e4 exd4 6. Qxd4 Be6 7. Be3 g6 8. Qd2
Bg7 9. Bd3 Nbd7 10. Nge2 Ne5 11. b3 Nxd3+ 12. Qxd3 O-O 13. Rd1 Nd7 14. O-O a6
15. Qd2 Re8 16. Nd4 Ne5 17. Bg5 Qb8 18. f4 Qa7 19. Kh1 Nc6 20. Nxc6 bxc6 21. f5
Bd7 22. f6 Bh8 23. Be3 Qb8 24. Bd4 c5 25. Be3 Bc6 26. Nd5 Bxd5 27. exd5 Qd8 28.
Bg5 Re5 29. Rde1 Rxe1 30. Qxe1 Qd7 31. Qh4 Re8 32. Re1 h6 33. Bd2 Rxe1+ 34. Qxe1
Bxf6 35. Bxh6 g5 36. h4 gxh4 37. Qe4 Qe7 38. Qg4+ Kh7 39. Bf4 Bg7 40. Qf5+ Kg8
41. Qc8+ Kh7 42. Qf5+ Kg8 43. Qc8+ Kh7 {Game drawn by mutual agreement} 1/2-1/2

[Event "Team 45 45 League T48"]
[Site "Internet Chess Club"]
[Date "2011.02.21"]
[Round "2"]
[White "QueensCounselor"]
[Black "aww-rats"]
[Result "1/2-1/2"]
[WhiteElo "2154"]
[BlackElo "2060"]
[Opening "QGD: Chigorin defense"]
[ECO "D07"]
[Time "15:02:47"]
[TimeControl "2700+45"]

1. d4 d5 2. c4 Nc6 3. Nf3 Bg4 4. Bf4 e6 5. e3 Bd6 6. Bxd6 Qxd6 7. Nc3 Nf6 8.
cxd5 exd5 9. Bd3 O-O 10. O-O Ne7 11. Rc1 c6 12. Be2 Ne4 13. Nxe4 dxe4 14. Nd2
Bxe2 15. Qxe2 Qd5 16. a3 b6 17. b4 Qa2 18. Ra1 Qd5 19. Rfc1 f5 20. Qc4 Rac8 21.
Rc2 Qxc4 22. Nxc4 g5 23. Rac1 Rf6 24. Ne5 Re6 25. h3 Kg7 26. Kf1 h5 27. Ke2 h4
28. f3 exf3+ 29. gxf3 Kf6 30. Kd3 Rd6 31. e4 Rc7 32. Ke3 Re6 33. a4 a6 34. Kf2
Rd6 35. Rd1 Rd8 36. Rdc1 Rxd4 37. Nxc6 Nxc6 38. Rxc6+ Rxc6 39. Rxc6+ Ke5 40.
exf5 Rxb4 {Game drawn by mutual agreement} 1/2-1/2

[Event "Team 45 45 League T48"]
[Site "Internet Chess Club"]
[Date "2011.02.21"]
[Round "2"]
[White "playwaycool"]
[Black "Deckfuel"]
[Result "1-0"]
[WhiteElo "2062"]
[BlackElo "1842"]
[Opening "QGD Slav: exchange variation, 6.Bf4 Bf5"]
[ECO "D14"]
[Time "13:11:40"]
[TimeControl "2700+45"]

1. d4 d5 2. c4 c6 3. cxd5 cxd5 4. Nf3 Nf6 5. Nc3 Nc6 6. Bf4 Bf5 7. Rc1 e6 8. a3
Qb6 9. Na4 Qd8 10. Qb3 Qd7 11. e3 Rc8 12. Bb5 Bd6 13. Bxd6 Qxd6 14. Nc5 O-O 15.
Nxb7 Qd7 16. Nc5 Qd6 17. O-O Be4 18. Nb7 Qd7 19. Bxc6 Qe7 20. Qb4 Qc7 21. Qa5
Qb8 22. Qa6 Ng4 23. h3 Bxf3 24. hxg4 Bxg4 25. Bb5 h5 26. Rc5 h4 27. Rfc1 Rxc5
28. dxc5 Qe5 29. Rc3 h3 30. Qd6 Qe4 31. Qg3 h2+ 32. Kxh2 Qh7+ 33. Kg1 Qb1+ 34.
Bf1 Be2 35. c6 Bxf1 36. Kh2 Ba6 37. b4 Qb2 38. Rc5 Qxa3 39. Ra5 Qxb4 40. Rxa6
Qb5 41. Rxa7 Qxc6 42. Qd6 Qc2 43. Qg3 Qh7+ 44. Qh3 Qb1 45. Qh4 Qb6 46. Qd4 Qb1
47. g3 Qf1 48. e4 dxe4 49. Nc5 e5 50. Qe3 f5 51. Ne6 Rf6 52. Ra8+ Kh7 53. Nf8+
Kg8 54. Nd7+ Kh7 55. Nxf6+ gxf6 56. Qa7+ Kh6 57. Rh8+ Kg6 58. Rg8+ Kh5 59. Qh7#
{Black checkmated} 1-0

[Event "Team 45 45 League T48"]
[Site "Internet Chess Club"]
[Date "2011.02.20"]
[Round "2"]
[White "Paulkov"]
[Black "Vaigpertu"]
[Result "1-0"]
[WhiteElo "2287"]
[BlackElo "2236"]
[Opening "Sicilian: Kan, Maróczy bind (Réti variation)"]
[ECO "B41"]
[Time "17:01:52"]
[TimeControl "2700+45"]

1. e4 c5 2. Nf3 e6 3. d4 cxd4 4. Nxd4 a6 5. c4 Nf6 6. Nc3 Bb4 7. Bd3 Nc6 8. Be3
d5 9. exd5 exd5 10. O-O Bxc3 11. Nxc6 bxc6 12. bxc3 O-O 13. cxd5 Qxd5 14. Qc2
Qh5 15. Bd4 Nd5 16. Rfe1 Be6 17. Re5 Qh6 18. Rae1 Rfd8 19. g3 a5 20. R1e4 g6 21.
Rh4 Qf8 22. Rxe6 fxe6 23. Bxg6 {Black resigns} 1-0